cohdb
Replays
Latest Replays
All Replays
Popular Replays
Top Player Replays
Match Explorer
How It Works
Community
CoH3 Stats
Reddit
Sign in to upload your games and track your stats! →
Sign in with Steam
Match 43683246
Unlisted
Match 43683246
Overview
Messages
Build Orders
End
Kradschützen Motorcycle Team
Selects Italian Combined Arms Battlegroup
Selects Bersaglieri Squad
Bersaglieri Squad
250 Light Carrier
Bersaglieri Squad
Construct Light Support Kompanie
Bersaglieri Squad
Construct Light Support Kompanie
Panzerjäger Squad
2.5-tonne Medical Truck
MG34 Team
Selects Bersaglieri Bolster
Selects Breda Model 30 Light Machine Guns
Fire Support Elements
Assault Mechanized Group
SweeD
SirAMovesALot
Don't Cry Don't Ping Rush
Training_Season
0
0
Comments
sign in to comment!
No comments posted yet!